 Dungeon Crawl Stone Soup version 0.28-a0-589-g333b8329f1 (webtiles) character file.

Game seed: 14171787663660170377

189 dolemite99 the Ruffian (level 5, 0/41 HPs)
             Began as a Ghoul Gladiator on Oct 4, 2021.
             Was an Initiate of Yredelemnul.
             Slain by a black bear (6 damage)
             ... on level 4 of the Dungeon.
             The game lasted 00:02:30 (3115 turns).

dolemite99 the Ruffian (Ghoul Gladiator)            Turns: 3115, Time: 00:02:31

Health: 0/41       AC:  9    Str: 16 (19) XL:     5   Next: 68%
Magic:  4/4        EV:  6    Int:  1 (3)  God:    Yredelemnul [......]
Gold:   137        SH:  0    Dex:  7 (10) Spells: 4/4 levels left

rFire   . . .      SeeInvis .     - Unarmed
rCold   + . .      Faith    .   (no shield)
rNeg    + + +      Spirit   .   f - +0 chain mail
rPois   ∞          Reflect  .   b - +0 helmet
rElec   .          Harm     .   (no cloak)
rCorr   .          Rampage  .   (no gloves)
Will    .....                   (no boots)
Stlth   ..........              (no amulet)
HPRegen 0.00/turn               (no ring)
MPRegen 0.09/turn               (no ring)

@: inhibited regen
A: claws 1, cold resistance 1, negative energy resistance 3, inhibited
regeneration, torment resistance 2
a: Renounce Religion


You were on level 4 of the Dungeon.
You worshipped Yredelemnul.
Yredelemnul was noncommittal.
You visited 1 branch of the dungeon, and saw 4 of its levels.

You collected 137 gold pieces.

Inventory:

Hand Weapons
 j - a +2 dagger of electrocution
Missiles
 c - 3 throwing nets (quivered)
 e - 108 stones
 g - 21 arrows
Armour
 a - a +0 leather armour
 b - a +0 helmet (worn)
 f - a +0 chain mail (worn)
 m - a +0 pair of gloves
 n - a +0 ring mail
Scrolls
 d - a scroll of teleportation {unknown}
 h - a scroll of noise {unknown}
 i - a scroll of fear {unknown}
 k - 6 scrolls of identify {unknown}
 l - a scroll of vulnerability {unknown}


   Skills:
 - Level 2.1 Fighting
 - Level 1.7 Throwing
 - Level 2.6 Dodging
 + Level 6.8 Unarmed Combat


You had 4 spell levels left.
You didn't know any spells.
Your spell library contained the following spells:

 Spells                   Type           Power      Damage    Failure   Level
 Leda's Liquefaction      Hex/Erth       0%         N/A       100%        4
 Lee's Rapid Deconstruct  Erth           0%         3d5*      100%        5
 Statue Form              Tmut/Erth      Unusable   N/A       N/A         6

Dungeon Overview and Level Annotations

Branches:
Dungeon (4/15)
 Temple: D:4-7

Altars:
Ashenzari
Okawaru
Yredelemnul

Portals:
Abyss: D:3

Annotations:
D:3 2 transporters, AttackTheMoon's ghost, amateur DrTm


Innate Abilities, Weirdness & Mutations

You thrive by killing the living.
You are immune to poison.
You have sharp fingernails.
Your flesh is cold resistant. (rC+)
You are immune to negative energy. (rN+++)
You do not regenerate when monsters are visible.
You are immune to unholy pain and torment.


Message History

You claw the black bear!
The black bear is heavily wounded.
The black bear bites you.
The black bear claws you but does no damage.
The black bear closely misses you.
You barely miss the black bear.
The black bear is heavily wounded.
The black bear bites you.
The black bear claws you but does no damage.
The black bear claws you.
You barely miss the black bear.
The black bear is heavily wounded.
The black bear bites you but does no damage.
The black bear claws you but does no damage.
The black bear claws you.
You scratch the black bear.
The black bear is severely wounded.
The black bear bites you but does no damage.
The black bear claws you but does no damage. x2
You barely miss the black bear.
The black bear is severely wounded.
The black bear goes berserk!
You completely miss the black bear.
The black bear is severely wounded.
The black bear bites you! The black bear claws you.
The black bear claws you but does no damage.
You scratch the black bear.
The black bear is almost dead.
The black bear closely misses you. The black bear barely misses you.
The black bear claws you but does no damage.
You scratch the black bear.
The black bear is almost dead.
The black bear bites you.
* * * LOW HITPOINT WARNING * * *
The black bear completely misses you. The black bear claws you.
* * * LOW HITPOINT WARNING * * *
The black bear bites you but does no damage.
The black bear barely misses you. The black bear claws you.
You die...
Yredelemnul claims you as an undead slave.

#............#
#............#
#............#
#............#
#............#
#............#
..........#####
..........########
..........@h......
....#...##........
....#...##....<..$
... #...##........
.. #...##........
#... #........ #.
#.......>
.........


You could see a black bear (berserk).

Vanquished Creatures
  A scorpion (D:3)
  An orc wizard (D:3)
  4 gnolls (D:2)
  An adder (D:3)
  3 worms
  A dart slug (D:3)
  4 orcs (D:3)
  4 endoplasms
  3 giant cockroaches
  3 goblins
  4 hobgoblins
  6 kobolds
  2 ball pythons
  3 bats
  3 frilled lizards
  4 rats
47 creatures vanquished.

Notes
Turn   | Place    | Note
-------+----------+-------------------------------------------
     0 | D:1      | dolemite99 the Ghoul Gladiator began the quest for the Orb.
     0 | D:1      | Reached XP level 1. HP: 17/17 MP: 0/0
   394 | D:1      | Reached XP level 2. HP: 24/24 MP: 1/1
   465 | D:1      | Reached skill level 4 in Unarmed Combat
   636 | D:1      | You fall into a shaft and drop 1 floor!
   647 | D:2      | You fall into a shaft and drop 1 floor!
   957 | D:3      | Noticed a scorpion
   976 | D:3      | Killed a scorpion
   977 | D:3      | Reached skill level 5 in Unarmed Combat
   977 | D:3      | Reached XP level 3. HP: 29/29 MP: 2/2
   977 | D:3      | Reached XP level 4. HP: 36/36 MP: 3/3
   982 | D:3      | Found a broken altar of Ashenzari.
   983 | D:3      | Found a basalt altar of Yredelemnul.
   990 | D:3      | Became a worshipper of Yredelemnul the Dark
  1036 | D:3      | Found a transporter.
  1050 | D:3      | Noticed AttackTheMoon's ghost (amateur DrTm)
  1052 | D:3      | Found a one-way gate to the infinite horrors of the Abyss.
  1052 | D:3      | Noticed a small abomination
  1172 | D:2      | Reached skill level 6 in Unarmed Combat
  1176 | D:2      | Reached XP level 5. HP: 23/41 MP: 4/4
  1696 | D:2      | Found a faded altar of an unknown god.
  2201 | D:3      | Found an iron altar of Okawaru.
  2842 | D:3      | Noticed a small abomination
  2855 | D:3      | Found a transporter.
  3098 | D:4      | Noticed a black bear
  3115 | D:4      | Slain by a black bear

Illustrated notes

Levels and vault maps discovered:
D:1:      lightli_arrival_maybe_door_vault, layout_basic
D:2:      layout_basic, hellmonk_ecumenical_altar_zigzags,
          minmay_splitting_lines, chequers_serial_rivers_small_3,
          kennysheep_boxes
D:3:      layout_basic, mainiacjoe_overflow_alcove_2,
          gammafunk_temple_overflow_pools, gammafunk_ghost_abyssal_escape
D:4:      layout_basic, mainiacjoe_overflow_tiny_flanked

Skill      XL: |  1  2  3  4 |
---------------+-------------+-----
Unarmed Combat | 5 6 |  6.8
Fighting       | |  2.1
Throwing       | |  1.7
Dodging        | |  2.6

Action                   |  1- 3 |  4- 6 || total
-------------------------+-------+-------++-------
Melee: Unarmed           |    36 |    13 ||    49
       Dagger            |    26 |    87 ||   113
       Punch             |     1 |     1 ||     2
  Use: Potion            |     2 |     3 ||     5
Armor: Leather armour    |    24 |     2 ||    26
       Chain mail        |       |    21 ||    21
       Ring mail         |       |    18 ||    18
Dodge: Dodged            |    52 |    41 ||    93

Table legend: (Time is in decaauts)
 A = Elapsed time spent in this place.
 B = Non-inter-level travel time spent in this place.
 C = Inter-level travel time spent in this place.
 D = Time resting spent in this place.
 E = Time spent auto-exploring this place.
 F = Levels seen in this place.
 G = Mean time per level.
                   A        B        C        D        E       F      G
               +--------+--------+--------+--------+--------+-----+--------+
         Total |   3116 |   3027 |     89 |    692 |   1779 |   4 |  779.0 |
       Dungeon |   3116 |   3027 |     89 |    692 |   1779 |   4 |  779.0 |
               +--------+--------+--------+--------+--------+-----+--------+

Top non-repeatable levels by time:
     D:3: 1344 daAuts
     D:2: 902 daAuts
     D:1: 633 daAuts
     D:4: 236 daAuts
